AoeStats
← 奶奶

Black Forest

509890495Analyzed
2v2 RM · 3d ago on Sep 28, 2026· 63m 1s· 4 players
Game mode
Random Map
Map size
Medium (4 player)
Population
200
Speed
Normal
Resources
Standard
Victory
Conquest
Starting age
Dark Age
Ending age
Imperial Age
RankedLock teamsTeams togetherTeam positionsShared explorationLock speedFull tech treeHidden civsTurbo modeCheats
Victory
Defeat
🇨🇿 Koreans · Czechia
1111
+16
🇦🇷 Saxons · Argentina
1080
+18
🇨🇳 Mongols · China
1240
-22
🇨🇳 Slavs · China
1000
-38
NinjaLoco46
1:18 Loom
14:22 Feudal Age
16:16 Double-Bit Axe
18:35 Castle Age
16:52 Gold Mining
17:29 Fletching
19:59 Bow Saw
20:49 Bodkin Arrow
23:31 Sanctity
33:01 Gambesons
36:57 Scale Mail Armor
38:09 Squires
37:29 Pikeman
38:26 Chain Mail Armor
38:14 Horse Collar
41:57 Imperial Age
44:40 Wheelbarrow
45:31 Plate Mail Armor
45:12 Forging
52:55 Wheelbarrow
54:11 Wheelbarrow
54:50 Town Watch
57:03 Hand Cart
56:53 Heavy Plow
60:17 Two-Man Saw
60:21 Gold Shaft Mining
59:42 Elite Varangian Guard
60:08 Arson
Ondai
0:48 Loom
11:46 Feudal Age
17:39 Castle Age
16:11 Double-Bit Axe
16:24 Gold Mining
17:28 Stone Mining
22:57 Horse Collar
25:35 Wheelbarrow
25:31 Bow Saw
25:35 Fletching
26:22 Crossbowman
28:22 Heavy Plow
28:39 Hand Cart
29:23 Ballistics
29:04 Bodkin Arrow
34:00 Imperial Age
31:17 Town Watch
31:34 Squires
30:56 Pikeman
31:53 Forging
31:27 Treadmill Crane
33:12 Gold Shaft Mining
33:29 Thumb Ring
35:54 Chemistry
34:19 Arbalester
35:01 Bracer
35:55 Caravan
36:42 Elite War Wagon
38:30 Two-Man Saw
41:48 Halberdier
43:24 Scale Mail Armor
44:00 Iron Casting
48:26 Chain Mail Armor
55:41 Plate Mail Armor
Donald J. Trump
3:47 Loom
12:46 Feudal Age
13:20 Double-Bit Axe
13:41 Horse Collar
17:05 Castle Age
18:11 Bow Saw
19:47 Wheelbarrow
20:00 Heavy Plow
22:04 Hand Cart
23:33 Scale Barding Armor
23:14 Light Cavalry
24:04 Bloodlines
23:55 Husbandry
26:41 Forging
26:32 Stone Mining
29:19 Stone Shaft Mining
28:35 Gold Mining
31:45 Fletching
33:52 Gold Shaft Mining
35:59 Imperial Age
33:15 Town Watch
36:25 Chain Barding Armor
36:33 Bodkin Arrow
37:19 Iron Casting
39:50 Blast Furnace
38:52 Bracer
38:28 Elite Steppe Lancer
44:17 Conscription
48:54 Onager
奶奶
20:39 Feudal Age
Connection lost

Rejoining the realm…

Still unreachable

The connection could not be restored.

Session expired

The server has moved on; the page needs a fresh start.